 Dungeon Crawl Stone Soup version 0.18-a0-1577-gf591c28 (webtiles) character file.

213390 George the Severer (level 18, -2/173 HPs)
             Began as a Minotaur Gladiator on Mar 16, 2016.
             Was the Champion of Makhleb.
             Shot with an arrow by a deep elf master archer (20 damage)
             ... on level 3 of the Elven Halls on Mar 17, 2016.
             The game lasted 01:38:37 (30523 turns).

George the Severer (Minotaur Gladiator)            Turns: 30523, Time: 01:38:37

Health: -2/173     AC: 19    Str: 32    XL:     18   Next: 27%
Magic:  28/28      EV: 18    Int:  5    God:    Makhleb [******]
Gold:   1811       SH:  0    Dex: 10    Spells: 5 memorised, 5 levels left

rFire  + + .     SeeInvis .     K - +8 battleaxe (vamp)
rCold  + . .     Gourm    .     p - +0 chain mail of Fulucir {rPois rF+ rC+ Str+2 Dex-2}
rNeg   . . .     Faith    .     (shield currently unavailable)
rPois  +         Spirit   .     c - +1 hat
rElec  .         Dismiss  .     o - +1 cloak {rF+}
rCorr  .         Reflect  .     n - +0 pair of gloves
SustAt +         Harm     .     F - +2 pair of boots
MR     ++++.     Clarity  +     (no amulet)
Stlth  .......... NoTele   +    R - ring of Daivig {SustAt -Tele MR+++ Str+3 Slay+2}
                                a - ring of Shaolin {EV+8}

@: corroded equipment, hasted, drained, very quick, incredibly resistant to
hostile enchantments, extremely unstealthy
A: retaliatory headbutt, horns 2, clarity, regeneration 1
a: Minor Destruction, Lesser Servant of Makhleb, Major Destruction, Greater
Servant of Makhleb, Renounce Religion
}: 1/15 runes: gossamer


You were on level 3 of the Elven Halls.
You worshipped Makhleb.
Makhleb was exalted by your worship.
You were very hungry.

You visited 6 branches of the dungeon, and saw 33 of its levels.
You also visited: Labyrinth, Sewer and Volcano.

You collected 2782 gold pieces.
You spent 971 gold pieces at shops.

Inventory:

Hand Weapons
 x - a +2 eveningstar of flaming
 K - a +8 vampiric battleaxe (weapon)
Missiles
 d - 4 throwing nets
 v - 55 tomahawks (quivered)
 X - 15 steel tomahawks
Armour
 c - a +1 hat (worn)
 n - a +0 pair of gloves (worn)
 o - a +1 cloak of fire resistance (worn)
 p - the +0 chain mail of Fulucir (worn) {rPois rF+ rC+ Str+2 Dex-2}
   (You bought it in a shop on level 6 of the Dungeon)

   It affects your strength (+2).
   It affects your dexterity (-2).
   It protects you from fire.
   It protects you from cold.
   It protects you from poison.
 F - a +2 pair of boots (worn)
Jewellery
 a - the ring of Shaolin (left hand) {EV+8}
   (You found it on level 8 of the Lair of Beasts)

   [ring of evasion]

   It affects your evasion (+8).
 g - an uncursed ring of positive energy
 j - an uncursed ring of protection from cold
 N - an uncursed ring of see invisible
 R - the ring of Daivig (right hand) {SustAt -Tele MR+++ Str+3 Slay+2}
   (You found it on level 3 of the Lair of Beasts)

   [ring of sustain attributes]

   It sustains your strength, intelligence and dexterity.
   It affects your strength (+3).
   It affects your accuracy and damage with ranged weapons and melee attacks
   (+2).
   It affects your resistance to hostile enchantments.
   It prevents most forms of teleportation.
 U - an uncursed ring of positive energy
Wands
 l - a wand of acid (4/15)
 r - a wand of heal wounds (4/9)
 w - a wand of digging (12/24)
 B - a wand of lightning (8/15)
 J - a wand of disintegration (24/24)
 L - a wand of iceblast (5/15)
 W - a wand of teleportation (3/9)
Scrolls
 i - 16 scrolls of teleportation
 k - 8 scrolls of enchant armour
 q - 11 scrolls of remove curse
 u - 5 scrolls of fear
 G - 14 scrolls of identify
 H - 6 scrolls of recharging
 I - 5 scrolls of fog
 P - 2 scrolls of blinking
 Q - 4 scrolls of magic mapping
 S - 2 scrolls of enchant weapon
 T - 6 scrolls of immolation
Potions
 b - 3 potions of mutation
 e - 6 potions of ambrosia
 h - 15 potions of might
 m - 12 potions of curing
 s - a potion of haste
 t - 5 potions of agility
 z - 3 potions of heal wounds
 A - 6 potions of resistance
 M - 3 potions of flight
 V - 5 potions of invisibility
 Y - a potion of cure mutation
Comestibles
 f - 17 bread rations
 D - 52 fruits
 E - 14 meat rations
 Z - 4 slices of pizza


   Skills:
 + Level 18.7(18.1) Fighting
 + Level 20.7(20.1) Axes
 - Level 2.0(1.6) Throwing
 + Level 18.4(17.8) Armour
 - Level 3.2(2.8) Dodging
 + Level 15.6(15.0) Invocations


You had 5 spell levels left.
You knew the following spells:

 Your Spells              Type           Power        Failure   Level  Hunger
a - Song of Slaying       Chrm           #.......     99%         2    ###....
b - Regeneration          Chrm/Necr      #.........   100%        3    ####...
c - Spectral Weapon       Hex/Chrm       #.......     100%        3    ####...
d - Blink                 Tloc           N/A          99%         2    ###....
e - Repel Missiles        Chrm/Air       #.....       99%         2    ###....


Dungeon Overview and Level Annotations

Branches:
Dungeon (15/15)            Temple (1/1) D:5            Lair (8/8) D:10
 Shoals (0/4) Lair:4       Spider (4/4) Lair:6        Slime (0/6) Lair:7
    Orc (2/2) D:11            Elf (3/3) Orc:2        Vaults (0/5) D:13
 Depths (0/5) D:15

Altars:
Ashenzari
Cheibriados
Dithmenos
Elyvilon
Fedhas
Gozag
Kikubaaqudgha
Makhleb
Nemelex Xobeh
Okawaru
Pakellas
Qazlal
Ru
Sif Muna
Trog
Vehumet
Xom
Yredelemnul
Zin
The Shining One
Beogh

Shops:
D:6 ([*   D:14 }   Orc:1 %   Orc:2 !!?(   Elf:1 [   Elf:2 [[[   Elf:3 !

Portals:
Trove: D:14 (give 9 potions of haste)

Annotations:
Lair:1 exclusion: oklob plant
Lair:6 exclusion: oklob plant
Elf:2 exclusion: Roxanne, Roxanne


Innate Abilities, Weirdness & Mutations

You reflexively headbutt those who attack you in melee.
You have a pair of horns on your head.
You possess an exceptional clarity of mind.
Your natural rate of healing is unusually fast.


Message History

You feel much better. The sixfirhy closely misses you. You furiously retaliate!
You headbutt the sixfirhy, but do no damage.
The sixfirhy completely misses you. You furiously retaliate!
You headbutt the sixfirhy!
You kill the sixfirhy!
The hell beast bites you but does no damage.
The hell beast tramples you but does no damage.
The deep elf demonologist gestures wildly while chanting.
The deep elf master archer shoots an arrow.
The arrow hits you.
* * * LOW HITPOINT WARNING * * *
The soul eater closely misses you.
Drink which item? (? for menu, Esc to quit)
You feel yourself speed up.
The deep elf elementalist hits you but does no damage.
The hell beast misses you. x2
The deep elf demonologist gestures wildly while chanting.
The deep elf master archer shoots an arrow.
The arrow hits you!!
You die...

#.....# #..#(.
##....#####
#...e.....#
#e3......##
#.E...2...#
##..2)e3...##
#....e3e....#
#.<..e@.....#
#....(......#
#.∩.......)##
##.........#
#######'.......##
#.....'#.......#
##....(######'###
#.......## #.#
##.......## #.#


You could see a cacodemon, a hell beast, a deep elf master archer, a deep elf
sorcerer, a deep elf elementalist, 2 soul eaters, a sun demon, 2 deep elf
demonologists, a deep elf high priest, an earth elemental and 2 dancing weapons.

Vanquished Creatures
  Arachne (Spider:2)
  Rupert (Spider:1)
  5 ghost moths
  2 deep elf sorcerers
  3 orc warlords (Orc:2)
  2 deep elf elementalists (Elf:3)
  6 emperor scorpions
  A deep elf annihilator (Elf:3)
  A spark wasp (Spider:4)
  Josephine (Orc:1)
  2 deep elf death magi (Elf:3)
  Snorg (Lair:7)
  A minotaur (Lab)
  3 crystal guardians (Elf:3)
  A yaktaur captain (D:15)
  A deep elf high priest (Elf:3)
  2 entropy weavers
  4 centaur warriors
  The ghost of stickyfingers the Basher, a journeyman HuAs of Dithmenos (Lair:1)
  A tengu warrior (D:14)
  28 dancing weapons
  3 catoblepae (Lair:8)
  A death knight (D:15)
  A queen ant (Spider:4)
  12 death yaks (Lair:8)
  12 deep elf knights
  4 orc high priests (Orc:2)
  A skeletal warrior (D:15)
  Nergalle (Lair:4)
  4 unseen horrors
  A spriggan druid (Elf:3)
  6 hill giants
  6 deep elf archers
  2 wizards (Elf:1)
  A phantasmal warrior (D:15)
  6 orc knights
  8 orc sorcerers (Orc:2)
  The ghost of FateRebellion the Covered, a novice FoSk of Ashenzari (D:7)
  22 orb spiders
  16 wolf spiders
  15 ugly things
  A hornet (Spider:4)
  4 cyclopes
  37 deep elf magi
  4 moths of wrath
  A manticore (D:13)
  9 elephants (Lair:8)
  A siren (Lair:4)
  A guardian serpent (shapeshifter) (Elf:3)
  A black mamba (shapeshifter) (D:15)
  A water nymph (shapeshifter) (Elf:2)
  7 black mambas
  2 torpor snails
  11 spiny frogs
  2 gargoyles
  A redback zombie (D:15)
  2 rime drakes
  A rime drake (shapeshifter) (Elf:3)
  9 demonic crawlers
  2 efreet
  A freezing wraith (D:15)
  A yaktaur (D:15)
  11 komodo dragons
  9 trolls
  31 jumping spiders
  4 two-headed ogres
  3 polar bears
  A wolf spider simulacrum (D:15)
  A hornet zombie (D:13)
  A two-headed ogre (shapeshifter) (Elf:1)
  5 blink frogs (Lair:2)
  A slime creature (Lair:7)
  3 air elementals
  2 centaur simulacra (D:15)
  Sigmund (D:2)
  28 tarantellas
  2 wyverns
  A tarantella (shapeshifter) (Elf:1)
  45 yaks
  82 redbacks
  Eustachio (D:4)
  2 water elementals
  10 hippogriffs
  5 wraiths (Orc:1)
  2 basilisks
  3 fire elementals
  4 hungry ghosts
  10 vampire mosquitoes
  5 wargs
  2 mottled dragons
  23 soldier ants
  9 water moccasins
  2 hell hounds (Lair:6)
  8 porcupines
  4 ice beasts
  Duvessa (D:4)
  5 phantoms
  2 sky beasts
  54 orc warriors
  An eye of draining (D:9)
  A black bear (D:7)
  16 ogres
  A wasp (Spider:1)
  A boggart (Elf:1)
  11 wolves
  18 centaurs
  13 crocodiles
  3 big kobolds
  33 giant frogs
  Dowan (D:4)
  A wyvern zombie (D:13)
  4 earth elementals
  A water moccasin zombie (D:4)
  3 scorpions
  6 killer bees (D:9)
  9 wights
  4 electric eels
  4 howler monkeys
  7 crimson imps
  5 centaur zombies
  A giant frog zombie (D:12)
  5 hounds
  4 giant frog skeletons
  2 centaur skeletons
  40 orc priests
  2 gnoll shamans (D:7)
  8 jellies
  26 orc wizards
  12 iguanas
  40 worker ants
  40 sheep
  2 howler monkey skeletons
  12 adders
  13 gnolls
  56 river rats
  3 shadow imps
  6 oozes (Sewer)
  An adder zombie (D:6)
  2 adder skeletons
  A worm (D:4)
  2 dart slugs
  12 giant geckos
  150 orcs
  8 ball pythons
  9 giant cockroaches
  12 goblins
  5 hobgoblins
  8 jackals
  6 quokkas
  4 bats
  16 giant newts
  23 kobolds
  A quokka skeleton (D:4)
  6 rats
  7 fungi
  8 plants
1369 creatures vanquished.

Vanquished Creatures (others)
  A jumping spider (Spider:4)
  An ogre (Orc:1)
  An orc (Orc:2)
  A quokka (D:15)
  4 fungi (Lair:8)
  5 plants
13 creatures vanquished.

Grand Total: 1382 creatures vanquished

Notes
Turn   | Place    | Note
--------------------------------------------------------------
     0 | D:1      | George the Minotaur Gladiator began the quest for the Orb.
     0 | D:1      | Reached XP level 1. HP: 18/18 MP: 0/0
    24 | D:1      | Reached skill level 4 in Axes
   158 | D:1      | Reached XP level 2. HP: 23/25 MP: 1/1
   569 | D:2      | Found a sparkling altar of Nemelex Xobeh.
   587 | D:2      | Found an opulent altar of Gozag.
   589 | D:2      | Found an oddly glowing altar of Pakellas.
   591 | D:2      | Found an ancient bone altar of Kikubaaqudgha.
   592 | D:2      | Found a bloodstained altar of Trog.
   613 | D:2      | Reached skill level 5 in Axes
   641 | D:2      | Reached XP level 3. HP: 25/30 MP: 2/2
   796 | D:2      | Noticed Sigmund
   804 | D:2      | Killed Sigmund
   804 | D:2      | Reached skill level 7 in Axes
   804 | D:2      | Reached XP level 4. HP: 37/37 MP: 3/3
   804 | D:2      | Reached XP level 5. HP: 42/42 MP: 4/4
   867 | D:2      | Found an oddly glowing altar of Pakellas.
  1958 | D:4      | Reached skill level 8 in Axes
  1964 | D:4      | Noticed Dowan
  1965 | D:4      | Noticed Duvessa
  1983 | D:4      | Killed Duvessa
  1983 | D:4      | Reached XP level 6. HP: 10/50 MP: 5/5
  1988 | D:4      | Killed Dowan
  1988 | D:4      | Reached skill level 9 in Axes
  2242 | D:4      | Reached XP level 7. HP: 48/56 MP: 6/6
  2348 | D:4      | Noticed Eustachio
  2364 | D:4      | Killed Eustachio
  2364 | D:4      | Reached skill level 10 in Axes
  2660 | D:4      | Found a shimmering altar of Xom.
  3223 | D:5      | Entered Level 5 of the Dungeon
  3230 | D:4      | Reached skill level 11 in Axes
  3349 | D:5      | Found a snail-covered altar of Cheibriados.
  3351 | D:5      | Reached XP level 8. HP: 59/62 MP: 7/7
  3392 | D:5      | Found a glowing drain.
  3434 | Sewer    | Entered a sewer
  3577 | Sewer    | Reached skill level 1 in Armour
  3789 | Sewer    | Reached skill level 12 in Axes
  4375 | D:5      | Found a staircase to the Ecumenical Temple.
  4448 | D:5      | Found a shadowy altar of Dithmenos.
  4535 | Temple   | Entered the Ecumenical Temple
  4542 | Temple   | Became a worshipper of Makhleb the Destroyer
  4583 | D:6      | Found a radiant altar of Vehumet.
  4641 | D:6      | Reached skill level 1 in Invocations
  4663 | D:6      | Reached XP level 9. HP: 41/73 MP: 8/8
  4861 | D:6      | Found Guaxzigh's General Store.
  4940 | D:6      | Reached skill level 5 in Fighting
  4941 | D:6      | Found Onned's Armour Shop.
  4970 | D:6      | Found Cine's Weapon Shoppe.
  5024 | D:6      | Found a glowing golden altar of the Shining One.
  5153 | D:6      | Found a sacrificial altar of Ru.
  5255 | D:6      | Reached * piety under Makhleb
  5255 | D:6      | Reached skill level 5 in Armour
  5687 | D:7      | Noticed FateRebellion's ghost (novice FoSk)
  6121 | D:7      | Killed FateRebellion's ghost
  6121 | D:7      | Reached skill level 13 in Axes
  6406 | D:7      | Reached XP level 10. HP: 86/86 MP: 12/12
  6453 | D:7      | Reached ** piety under Makhleb
  7212 | D:8      | Reached *** piety under Makhleb
  7303 | D:8      | Found an iron altar of Okawaru.
  7461 | D:8      | Reached skill level 5 in Invocations
  7996 | D:9      | Found a blossoming altar of Fedhas.
  8040 | D:9      | Reached **** piety under Makhleb
  8040 | D:9      | Reached skill level 14 in Axes
  8539 | D:10     | Entered Level 10 of the Dungeon
  8542 | D:10     | Found a staircase to the Lair.
  8545 | D:10     | Noticed a hill giant
  8555 | D:10     | Reached XP level 11. HP: 97/97 MP: 14/14
  8756 | D:10     | Reached ***** piety under Makhleb
  8771 | D:10     | Killed a hill giant
  9116 | D:10     | Reached skill level 10 in Fighting
  9171 | D:10     | Noticed a hill giant
  9185 | D:10     | Killed a hill giant
  9720 | D:11     | Reached skill level 10 in Armour
  9737 | D:11     | Noticed a green ugly thing
  9753 | D:11     | Killed a green ugly thing
  9757 | D:11     | Gained mutation: Your natural rate of healing is unusually fast. [mutagenic meat]
  9758 | D:11     | Gained mutation: You possess an exceptional clarity of mind. [mutagenic meat]
 10165 | D:11     | Found a staircase to the Orcish Mines.
 10167 | D:11     | Noticed a hill giant
 10177 | D:11     | Killed a hill giant
 10296 | D:11     | Reached skill level 15 in Axes
 10398 | D:11     | Noticed a hill giant
 10401 | D:11     | Killed a hill giant
 10546 | D:12     | Reached XP level 12. HP: 90/108 MP: 16/16
 10563 | D:12     | Found a labyrinth entrance.
 10577 | Lab      | Entered a labyrinth
 10920 | Lab      | Noticed a minotaur
 10935 | Lab      | Killed a minotaur
 10978 | Lab      | Got a warped mace
 10982 | Lab      | Identified the +5 mace "Fish" {crush, *Drain Str-3 Int+8 SInv} (You found it in a labyrinth)
 11752 | D:6      | Bought the cursed +0 chain mail of Fulucir {rPois rF+ rC+ Str+2 Dex-2} for 347 gold pieces
 11831 | Lair:1   | Entered Level 1 of the Lair of Beasts
 11984 | Lair:1   | Noticed stickyfingers's ghost (journeyman HuAs)
 12012 | Lair:1   | HP: 5/110 [stickyfingers's ghost (11)]
 12089 | D:10     | Reached ****** piety under Makhleb
 12404 | Lair:1   | Killed stickyfingers's ghost
 12940 | Lair:2   | Identified a -1 rod of clouds (12/12) (You found it on level 2 of the Lair of Beasts)
 13584 | Lair:3   | Got a transparent lapis lazuli ring
 13586 | Lair:3   | Identified the ring of Daivig {SustAt -Tele MR+++ Str+3 Slay+2} (You found it on level 3 of the Lair of Beasts)
 14682 | Lair:4   | Noticed Nergalle
 14726 | Lair:4   | Killed Nergalle
 15202 | Lair:4   | Found a staircase to the Shoals.
 15610 | Lair:5   | Reached skill level 16 in Axes
 16139 | Lair:6   | Found a dark tunnel.
 16157 | Volcano  | Entered a volcano
 16272 | Volcano  | Reached XP level 13. HP: 104/118 MP: 19/19
 16912 | Lair:6   | Reached skill level 10 in Invocations
 16924 | Lair:6   | Found a hole to the Spider Nest.
 17171 | Lair:7   | Found a staircase to the Slime Pits.
 17202 | Lair:7   | Got a bloodstained war axe
 17210 | Lair:7   | Identified the +8 war axe "Toeta" {chop, Str+8 Dex-5} (You found it on level 7 of the Lair of Beasts)
 17343 | Lair:7   | Noticed Snorg
 17357 | Lair:7   | Killed Snorg
 17797 | Lair:8   | Entered Level 8 of the Lair of Beasts
 18450 | Lair:8   | Reached XP level 14. HP: 128/130 MP: 21/21
 18507 | Lair:8   | Reached skill level 17 in Axes
 18616 | Lair:8   | Learned a level 2 spell: Song of Slaying
 18620 | Lair:8   | Learned a level 3 spell: Regeneration
 18624 | Lair:8   | Learned a level 3 spell: Spectral Weapon
 19150 | Orc:1    | Entered Level 1 of the Orcish Mines
 19150 | Orc:1    | Noticed Josephine
 19167 | Orc:1    | Killed Josephine
 19324 | Orc:2    | Entered Level 2 of the Orcish Mines
 19543 | Orc:2    | Found a roughly hewn altar of Beogh.
 19623 | Orc:2    | Found Fusosufi's Antique Weapon Boutique.
 19646 | Orc:2    | Found Vociysac's Magic Scroll Shop.
 19704 | Orc:2    | Noticed an orc warlord
 19724 | Orc:2    | Killed an orc warlord
 19979 | Orc:1    | Noticed an orc warlord
 20346 | Orc:2    | Killed an orc warlord
 20553 | Orc:1    | Found Xonlei's Food Boutique.
 21125 | Orc:2    | Found a staircase to the Elven Halls.
 21308 | Orc:2    | Noticed an orc warlord
 21329 | Orc:2    | Killed an orc warlord
 21329 | Orc:2    | Reached XP level 15. HP: 112/139 MP: 23/23
 21330 | Orc:2    | Reached skill level 15 in Fighting
 21436 | Orc:2    | Found Pymn's Distillery.
 21472 | Orc:2    | Found a roughly hewn altar of Beogh.
 21546 | Orc:2    | Found Laom's Distillery.
 21556 | Orc:2    | Reached skill level 18 in Axes
 21827 | D:13     | Reached skill level 15 in Armour
 22003 | D:13     | Found a gate to the Vaults.
 22338 | D:14     | Found Baxu's Gadget Shoppe.
 22347 | D:14     | Bought a wand of heal wounds (4/9) for 624 gold pieces
 22582 | D:14     | Found a portal to a secret trove of treasure.
 22956 | D:15     | Entered Level 15 of the Dungeon
 23001 | D:15     | Upgraded the game from 0.18-a0-1575-g920359c to 0.18-a0-1577-gf591c28
 23086 | D:15     | Found a white marble altar of Elyvilon.
 23116 | D:15     | HP: 3/141 [acid (12)]
 23431 | D:15     | Found a staircase to the Depths.
 23805 | Spider:1 | Entered Level 1 of the Spider Nest
 23961 | Spider:1 | Noticed Rupert
 23975 | Spider:1 | HP: 5/144 [Rupert/vampiric battleaxe (9)]
 23978 | Spider:1 | Killed Rupert
 24145 | Spider:1 | Reached XP level 16. HP: 146/151 MP: 24/24
 25031 | Spider:1 | Reached skill level 19 in Axes
 25354 | Spider:2 | Got a steaming ring mail
 25365 | Spider:2 | Identified the +2 ring mail "Epek" {Str+3} (You found it on level 2 of the Spider Nest)
 25590 | Spider:2 | Got a translucent cloak
 25601 | Spider:2 | Identified the +3 cloak "Huff" {Dex+4} (You found it on level 2 of the Spider Nest)
 25732 | Spider:3 | Noticed Arachne
 26095 | Spider:2 | Killed Arachne
 26537 | Spider:4 | Entered Level 4 of the Spider Nest
 27016 | Spider:4 | Reached XP level 17. HP: 162/162 MP: 26/26
 27136 | Spider:4 | Got a gossamer rune of Zot
 27857 | Elf:1    | Entered Level 1 of the Elven Halls
 27984 | Elf:1    | Reached skill level 20 in Axes
 28393 | Elf:1    | Found Hefa's Armour Shoppe.
 28424 | Elf:1    | Learned a level 2 spell: Blink
 28427 | Elf:1    | Learned a level 2 spell: Repel Missiles
 28849 | Elf:2    | Reached skill level 15 in Invocations
 28939 | Elf:2    | Noticed Roxanne
 28961 | Elf:2    | Found Puhusass's Armour Shoppe.
 29114 | Elf:2    | Found Uqeoklat's Antique Armour Boutique.
 29162 | Elf:2    | Found Tusais's Antique Armour Shoppe.
 29180 | Elf:2    | Got a scorched plate armour
 29191 | Elf:2    | Identified the cursed +0 plate armour "Venahuf" {rPois Str+5 Dex+4} (You found it on level 2 of the Elven Halls)
 29374 | Elf:2    | Found a runed gate.
 29375 | Elf:2    | Found a runed gate.
 29464 | Elf:2    | Found a runed gate.
 29888 | Elf:2    | Reached XP level 18. HP: 168/173 MP: 28/28
 30128 | Elf:3    | Entered Level 3 of the Elven Halls
 30128 | Elf:3    | Found Bayn's Distillery.
 30521 | Elf:3    | HP: 6/173 [deep elf master archer/arrow (25)]
 30523 | Elf:3    | Shot with an arrow by a deep elf master archer

Vault maps used:
D:1:      dpeg_arrival_tiny_j
D:2:      grunt_temple_overflow_open, first_bread, grunt_pakellas_salt,
          uniq_sigmund
D:4:      old_standard_altar, uniq_duvessa, uniq_eustachio
D:5:      cheibriados_altar_wand_db, minmay_temple_entry_enclosed_plants,
          gup_sewer_entry_glass, grunt_dithmenos_shadows
D:6:      marbit_many_paths, nicolae_tso_carved_into_rock,
          vehumet_altar_wand_db, serial_shops, shop, shop, nicolae_shop_stone
D:8:      old_standard_altar
D:9:      minmay_statues_item, fedhas_altar_1
D:10:     minmay_distorted_concentric_squares, minmay_lair_entry_grove
D:11:     david_orc_1_choice, minmay_misc_feat_roman
D:12:     lab_entry_generic
D:13:     erik_vaults_1
D:14:     enter_trove_2, serial_shops, shop, serial_corexii_hall,
          corexii_hall_statues_l, corexii_hall_statues_u, grunt_tengu_nest
D:15:     grunt_enter_depths_snipers, grunt_decor_cap, elyvilon_altar_4
Temple:   nicolae_temple_no_exploring_needed
Lair:1:   minmay_lair_oklob_chamber, lemuel_fruit_fields
Lair:3:   infiniplex_staircase_pool, lemuel_fruit_fields
Lair:4:   elwin_shoals_entry_rooms, bh_autumn_forest_stairs, uniq_nergalle
Lair:5:   grunt_megastairs_4
Lair:6:   nicolae_spider_entry_tight_spaces, enter_volcano_3, grunt_megastairs_3
Lair:7:   minmay_slime_entry_pillars, uniq_snorg
Lair:8:   evilmike_catoblepas_cave
Spider:1: uniq_rupert
Spider:2: spider_trap
Spider:3: uniq_arachne
Spider:4: grunt_spider_rune_circles, zaba_anthell
Orc:1:    serial_shops, nicolae_shop_crystal, uniq_josephine
Orc:2:    pubby_orc_utopia, serial_shops
Elf:1:    eino_elf_arrival_the_gate, serial_shops, shop,
          hangedman_elf_disciples, grunt_ministairs_9
Elf:2:    serial_shops, nicolae_shop_overgrown_old_shop, shop,
          nicolae_shop_stone, st_stairs_11, uniq_roxanne
Elf:3:    minmay_elf_hall_golems, serial_shops, shop, kilobyte_rumbling_trees
Lab:      labyrinth_mini_lab, labyrinth_lava_lair
Sewer:    sewer_frog_island_02
Volcano:  volcano_overflow

Skill      XL: |  1  2  3  4  5  6  7  8  9 10 11 12 13 14 15 16 17 |
---------------+----------------------------------------------------+-----
Axes           | 4 5 7 8 9 11 12 13 14 15 16 17 18 19 20 | 20.7
Armour         | 4 6 8 10 12 13 14 15 17 18 | 18.4
Fighting       | 4 7 9 10 12 13 14 16 17 18 | 18.7
Invocations    | 1 4 5 7 9 11 12 13 14 15 | 15.6
Throwing       | |  2.0
Dodging        | |  3.2

Action                   |  1- 3 |  4- 6 |  7- 9 | 10-12 | 13-15 | 16-18 || total
-------------------------+-------+-------+-------+-------+-------+-------++-------
Melee: War axe           |    47 |    72 |   301 |       |   866 |       ||  1286
       Hand axe          |       |       |    83 |  1001 |   123 |       ||  1207
       Mace              |       |       |       |    11 |       |       ||    11
       Battleaxe         |       |       |       |       |    10 |   930 ||   940
Throw: Tomahawk          |       |       |       |       |    11 |     2 ||    13
Invok: Lesser Servant of |       |       |       |     1 |       |       ||     1
  Use: Scroll            |       |       |    16 |    16 |     4 |     2 ||    38
       Potion            |       |       |     1 |     1 |     4 |     5 ||    11
 Stab: Distracted        |       |       |       |     2 |       |     1 ||     3
       Petrifying        |       |       |       |       |     1 |       ||     1
       Petrified         |       |       |       |       |     1 |       ||     1
  Eat: Chunk             |       |     4 |    14 |    35 |    26 |    15 ||    94
       Fruit             |       |       |       |     4 |       |       ||     4
       Royal jelly       |       |       |       |       |     1 |     1 ||     2
       Bread ration      |       |       |       |       |     1 |       ||     1
       Beef jerky        |       |       |       |       |       |     1 ||     1
